 Dungeon Crawl Stone Soup version 0.22.1-6-g1668fe2c40 (webtiles) character file.

4522 LabCoat the Basher (level 10, 0/111 HPs)
             Began as a Human Fighter on Jan 24, 2019.
             Was a Believer of Makhleb.
             Slain by a two-headed ogre
             ... wielding a +0 giant spiked club
              (16 damage)
             ... on level 9 of the Dungeon.
             The game lasted 01:20:51 (11320 turns).

LabCoat the Basher (Human Fighter)                 Turns: 11320, Time: 01:20:52

Health: 0/111      AC: 25    Str: 16 (19) XL:     10   Next: 66%
Magic:  13/13      EV:  2    Int:  5 (7)  God:    Makhleb [**....]
Gold:   114        SH: 11    Dex: 13 (15) Spells: 9/9 levels left

rFire    + . .     SeeInvis .   a - +0 flail
rCold    . . .     Gourm    +   c - +1 shield
rNeg     + + +     Faith    .   (armour currently unavailable)
rPois    +         Spirit   .   (helmet currently unavailable)
rElec    .         Reflect  .   (cloak currently unavailable)
rCorr    .         Harm     .   (gloves currently unavailable)
MR       .....     Clarity  +   (boots currently unavailable) Stlth ++........NoTele +
                                l - amulet of the gourmand
HPRegen  0.28/turn              m - ring of protection from fire
MPRegen  0.13/turn              H - ring of poison resistance

@: tree-form (expiring)
A: thin skeletal structure 1, clarity, dopey 1
a: Minor Destruction, Renounce Religion


You were on level 9 of the Dungeon.
You worshipped Makhleb.
Makhleb was pleased with you.
You were not hungry.
You were a tree.
You visited 2 branches of the dungeon, and saw 10 of its levels.

You collected 494 gold pieces.
You spent 380 gold pieces at shops.

Inventory:

Hand Weapons
 a - a +0 flail (weapon)
 n - a +0 hunting sling
Missiles
 d - 4 needles of sleeping
 j - 59 bolts
 o - 43 sling bullets
 u - 5 tomahawks
 y - 2 javelins (quivered)
Armour
 b - a +2 helmet
 c - a +1 shield (worn)
 r - a +0 chain mail
 x - +0 steam dragon scales
 I - the +12 plate armour "Goukhlom" (melded) {*Slow +Fly rC- Int+7}
   (You found it on level 8 of the Dungeon)

   It affects your intelligence (+7).
   It makes you vulnerable to cold.
   It lets you fly.
   It may slow you when you take damage.
Jewellery
 i - an uncursed amulet of magic regeneration
 l - an amulet of the gourmand (around neck)
 m - a ring of protection from fire (left branch)
 B - an uncursed ring of flight
 H - a ring of poison resistance (right branch)
Wands
 e - a wand of polymorph (24)
 k - a wand of iceblast (17)
 t - a wand of paralysis (4)
 v - a wand of flame (39)
 w - a wand of digging (16)
Scrolls
 g - 6 scrolls of remove curse
 s - a scroll of amnesia
 F - 2 scrolls of identify
Potions
 h - a potion of magic
 q - 2 potions of agility
 z - a potion of flight
 C - a potion of cancellation
 D - a potion of brilliance
 G - a potion of degeneration
Comestibles
 f - 8 rations


   Skills:
 * Level 5.2 Fighting
 + Level 9.0 Maces & Flails
 + Level 4.8(4.9) Slings
 + Level 0.6(3.0) Throwing
 + Level 5.6 Armour
 + Level 2.8 Dodging
 - Level 0.2 Stealth
 * Level 7.1 Shields
 * Level 4.4 Invocations
 + Level 2.1 Evocations


You had 9 spell levels left.
You didn't know any spells.
Your spell library was empty.

Dungeon Overview and Level Annotations

Branches:
Dungeon (9/15)             Temple (1/1) D:5
   Lair: D:8-11         Orc: D:9-12

Altars:
Ashenzari
Cheibriados
Dithmenos
Elyvilon
Fedhas
Gozag
Hepliaklqana
Kikubaaqudgha
Makhleb
Nemelex Xobeh
Okawaru
Qazlal
Ru
Sif Muna
Trog
Uskayaw
Vehumet
Wu Jian
Xom
Yredelemnul
Zin
The Shining One

Shops:
D:6 !

Annotations:
D:4 1 runed door, vvokhom's ghost, amateur GrEE
D:6 1 runed door, Kohma's ghost, novice SpEn


Innate Abilities, Weirdness & Mutations

((You have a pair of small horns on your head.))
You have a somewhat thin skeletal structure. (Dex +2, Stealth)
You possess an exceptional clarity of mind.
You are dopey. (Int -2)


Message History

The two-headed ogre hits you with a giant spiked club!
* * * LOW HITPOINT WARNING * * *
The two-headed ogre barely misses you.
The two-headed ogre hits you with a giant spiked club.
* * * LOW HITPOINT WARNING * * *
You block the two-headed ogre's attack.
You block the two-headed ogre's attack. x2
You block the two-headed ogre's attack. x2
The two-headed ogre hits you with a giant spiked club.
* * * LOW HITPOINT WARNING * * *
You block the two-headed ogre's attack.
Your transformation is almost over.
You block the two-headed ogre's attack.
The two-headed ogre hits you with a giant club!
* * * LOW HITPOINT WARNING * * *
Okay, then.
The two-headed ogre hits you but does no damage.
The two-headed ogre completely misses you.
The two-headed ogre hits you with a giant spiked club!
You die...

...##.## ###. # ......#
#.... .# ....### .....# #?
....## #.!..###.# .....#
#......<# #...## #....#
.##.(## ###.### .###..#####
####.....###
..........#####.♣O........#
.#####.........############
## ######...## # #####


You could see a two-headed ogre.

Vanquished Creatures
  A two-headed ogre (D:8)
  A troll (D:8)
  A hippogriff (D:8)
  Sigmund (D:2)
  A spriggan (D:7)
  A hungry ghost (D:8)
  An orc warrior (D:8)
  An ice beast (D:6)
  A sky beast (D:7)
  A hornet zombie (D:8)
  A phantom (D:8)
  A necrophage (D:9)
  5 ogres
  6 centaurs
  2 scorpions (D:8)
  5 wights
  2 crimson imps
  2 bullfrog zombies (D:5)
  A jelly (D:5)
  A quasit (D:7)
  3 hounds
  3 orc priests
  A gnoll shaman (D:8)
  4 iguanas
  A bullfrog skeleton (D:5)
  Ijyb (D:3)
  Terence (D:2)
  Natasha (D:3)
  6 orc wizards
  3 worker ants
  A hound skeleton (D:6)
  Robin (D:2)
  2 worker ant zombies
  5 gnolls (D:8)
  11 adders
  10 river rats (D:6)
  2 shadow imps
  2 oozes (D:2)
  An adder skeleton (D:4)
  An adder zombie (D:7)
  2 worms
  3 leopard geckos
  23 orcs
  3 giant cockroaches
  13 goblins
  9 hobgoblins
  7 jackals
  11 kobolds
  8 quokkas
  10 bats
  4 frilled lizards
  A jackal zombie (D:5)
  2 leopard gecko zombies
  2 quokka skeletons (D:5)
  20 rats
214 creatures vanquished.

Vanquished Creatures (others)
  An orc wizard (D:5)
1 creature vanquished.

Grand Total: 215 creatures vanquished

Notes
Turn   | Place    | Note
-------+----------+-------------------------------------------
     0 | D:1      | LabCoat the Human Fighter began the quest for the Orb.
     0 | D:1      | Reached XP level 1. HP: 18/18 MP: 1/1
    39 | D:1      | Reached XP level 2. HP: 23/24 MP: 2/2
   333 | D:1      | Reached XP level 3. HP: 28/29 MP: 3/3
  1172 | D:2      | Noticed Terence
  1185 | D:2      | Killed Terence
  1185 | D:2      | Reached XP level 4. HP: 19/35 MP: 4/4
  1333 | D:2      | Noticed Sigmund
  1368 | D:2      | Killed Sigmund
  1368 | D:2      | Reached skill level 4 in Maces & Flails
  1368 | D:2      | Reached skill level 1 in Slings
  1368 | D:2      | Reached XP level 5. HP: 3/41 MP: 5/5
  1368 | D:2      | Reached XP level 6. HP: 3/47 MP: 6/6
  1710 | D:2      | Noticed Robin
  1731 | D:2      | Killed Robin
  2788 | D:3      | Noticed Natasha
  2810 | D:3      | Killed Natasha
  2987 | D:3      | Noticed Ijyb
  2993 | D:3      | Paralysed by Ijyb for 4 turns
  3000 | D:3      | Paralysed by Ijyb for 2 turns
  3008 | D:3      | Paralysed by Ijyb for 3 turns
  3015 | D:3      | Paralysed by Ijyb for 3 turns
  3021 | D:3      | Killed Ijyb
  3094 | D:3      | Found an opulent altar of Gozag.
  3280 | D:4      | Reached XP level 7. HP: 32/52 MP: 7/7
  3733 | D:5      | Entered Level 5 of the Dungeon
  4010 | D:4      | Reached skill level 1 in Dodging
  4286 | D:4      | Found a runed door.
  4290 | D:4      | Noticed vvokhom's ghost (amateur GrEE)
  4474 | D:4      | Gained mutation: You possess an exceptional clarity of
                  | mind. [potion of mutation]
  4474 | D:4      | Gained mutation: You are dopey. (Int -2) [potion of
                  | mutation]
  4474 | D:4      | Gained mutation: You have a somewhat thin skeletal
                  | structure. (Dex +2, Stealth) [potion of mutation]
  4474 | D:4      | Gained mutation: You have a pair of small horns on your
                  | head. [potion of mutation]
  4880 | D:5      | Reached skill level 5 in Maces & Flails
  4926 | D:5      | Found a shattered altar of Ashenzari.
  5414 | D:5      | Reached skill level 1 in Evocations
  5418 | D:5      | Reached XP level 8. HP: 39/60 MP: 8/8
  5653 | D:5      | Found a staircase to the Ecumenical Temple.
  5708 | Temple   | Entered the Ecumenical Temple
  5731 | Temple   | Became a worshipper of Makhleb the Destroyer
  6079 | D:5      | Reached skill level 6 in Maces & Flails
  6419 | D:6      | Reached skill level 5 in Shields
  6503 | D:6      | Found a runed door.
  6504 | D:6      | Found a shimmering altar of Xom.
  6504 | D:6      | Noticed Kohma's ghost (novice SpEn)
  6505 | D:6      | Noticed a trident of chaos
  6650 | D:6      | Found a hide-covered altar of Uskayaw.
  6650 | D:6      | Found a shadowy altar of Dithmenos.
  7035 | D:6      | Reached * piety under Makhleb
  7210 | D:6      | Reached skill level 1 in Invocations
  7477 | D:6      | Found Yrutuf's Distillery.
  7484 | D:6      | Bought 2 potions of cancellation for 160 gold pieces
  7484 | D:6      | Bought a potion of brilliance for 40 gold pieces
  7484 | D:6      | Bought 3 potions of agility for 120 gold pieces
  7484 | D:6      | Bought a potion of curing for 30 gold pieces
  7484 | D:6      | Bought a potion of curing for 30 gold pieces
  7547 | D:6      | Reached XP level 9. HP: 31/65 MP: 10/10
  7773 | D:6      | Reached skill level 7 in Maces & Flails
  8651 | D:7      | Reached ** piety under Makhleb
  8921 | D:7      | Found a glowing silver altar of Zin.
  8980 | D:7      | Found a snail-covered altar of Cheibriados.
  9507 | D:8      | Reached skill level 8 in Maces & Flails
  9975 | D:8      | Noticed a hippogriff
  9987 | D:8      | Killed a hippogriff
  9987 | D:8      | Reached XP level 10. HP: 70/73 MP: 12/12
 10038 | D:8      | Got a dazzling plate armour
 10071 | D:8      | Identified the +12 plate armour "Goukhlom" {*Slow +Fly rC-
                  | Int+7} (You found it on level 8 of the Dungeon)
 10127 | D:8      | Reached skill level 5 in Armour
 10156 | D:8      | Noticed a two-headed ogre
 10680 | D:8      | Killed a two-headed ogre
 10680 | D:8      | Reached skill level 5 in Fighting
 10680 | D:8      | Reached skill level 9 in Maces & Flails
 11295 | D:9      | Noticed a two-headed ogre
 11320 | D:9      | Slain by a two-headed ogre

Skill      XL: |  1  2  3  4  5  6  7  8  9 10 |
---------------+-------------------------------+-----
Maces & Flails | 4 5 6 8 9 |  9.0
Slings         | 1 2 3 4 |  4.8
Shields        | 4 5 6 7 |  7.1
Armour         | 4 5 |  5.6
Dodging        | 1 2 |  2.8
Evocations     | 1 2 |  2.1
Fighting       | 4 5 |  5.2
Invocations    | 1 3 4 |  4.4
Throwing       | |  0.6
Stealth        | |  0.2

Action                   |  1- 3 |  4- 6 |  7- 9 | 10-12 || total
-------------------------+-------+-------+-------+-------++-------
Melee: Flail             |   156 |   187 |   528 |   147 ||  1018
       Headbutt          |       |       |    74 |    30 ||   104
 Fire: Hunting sling     |       |     6 |    99 |    45 ||   150
Throw: Tomahawk          |       |       |       |     5 ||     5
       Javelin           |       |       |       |     2 ||     2
Evoke: Wand              |       |       |     2 |       ||     2
  Use: Scroll            |     6 |     1 |    10 |     3 ||    20
       Potion            |     1 |     3 |    10 |     5 ||    19
 Stab: Sleeping          |       |       |     4 |       ||     4
       Distracted        |       |       |     1 |       ||     1
  Eat: Chunk             |     1 |     4 |    22 |     6 ||    33
       Ration            |       |     1 |     2 |     7 ||    10
Armor: Scale mail        |    70 |       |       |       ||    70
       Chain mail        |       |    98 |    97 |     2 ||   197
       Steam dragon scal |       |       |    45 |       ||    45
       Plate armour      |       |       |       |    69 ||    69
       Skin              |       |       |       |     2 ||     2
Dodge: Dodged            |    45 |    33 |   135 |    31 ||   244
Block: Shield            |    80 |    97 |   298 |    95 ||   570
